Map: Void Launch

Players

raincamp

  • Race: Zerg Zerg
  • League: Bronze
  • Spawn Location: 6:00

raincamp

  • Race: Terran Terran
  • Spawn Location: 6:00

VOD

Have the link to the VOD?

Description

Time

  • Played on: Nov. 14, 2017, 11:19 a.m.
  • Length: 24:15
Show
View Real Time Build Order
Export as new Build Order

raincamp Zerg 

Build Orders:  

Get SALT Encoding   

  12  0:04  Drone  
  13  0:12  Drone  
  14  0:25  Overlord  
  14  0:38  Drone, Extractor x2  
  13  0:42  Drone  
  14  0:50  Drone  
  14  0:55  Drone  
  16  1:04  Drone  
  16  1:07  Drone  
  18  1:16  Drone  
  18  1:18  Drone  
  20  1:25  Drone  
  21  1:43  Roach Warren  
  21  1:46  Drone  
  21  1:52  Drone  
  22  2:17  Spine Crawler  
  21  2:22  Spine Crawler  
  20  2:37  Roach  
  22  2:48  Overlord  
  22  2:54  Lair  
  22  3:23  Drone  
  22  3:27  Roach x2  
  27  3:32  Overlord  
  27  3:38  Drone  
  28  3:47  Roach  
  28  4:09  Brutalisk  
  28  4:35  Hatchery  
  28  4:38  Drone  
  28  4:40  Drone  
  28  4:41  Spire  
  28  4:45  Roach  
  28  5:07  Brutalisk  
  28  5:22  Roach  
  28  5:44  Brutalisk  
  28  5:45  Drone x3  
  28  5:46  Drone x3  
  28  5:47  Drone  
  35  5:50  Mutalisk x2  
  35  5:53  Mutalisk  
  41  6:04  Extractor x2  
  39  6:21  Drone x2  
  39  6:22  Evolution Chamber  
  39  6:24  Drone  
  39  6:25  Infestation Pit  
  40  6:30  Overlord  
  40  7:08  Mutalisk  
  40  7:15  Drone x3  
  40  7:17  Drone x3  
  40  7:18  Drone x2  
  40  7:19  Drone x2  
  50  7:20  Drone x2  
  52  7:36  Leviathan  
  52  7:44  Mutalisk  
  52  7:55  Zerg Missile Weapons Level 1  
  52  7:57  Mutalisk, Hive  
  52  7:59  Vicious Glave  
  52  8:04  Overlord  
  52  8:12  Leviathan  
  52  8:25  Leviathan  
  52  8:53  Zerg Flyer Weapons Level 1  
  52  8:59  Drone x5  
  55  9:00  Drone  
  57  9:01  Drone  
  57  9:02  Drone  
  57  9:07  Overlord x3  
  57  9:08  Overlord  
  60  9:41  Zerg Missile Weapons Level 2  
  60  9:45  Mutalisk x2  
  60  9:46  Mutalisk x5  
  74  10:15  Mutalisk  
  74  10:16  Mutalisk x4  
  84  10:29  Sundering Glave  
  84  10:41  Overlord x4  
  84  10:43  Drone  
  84  10:44  Drone  
  84  10:46  Drone  
  87  11:08  Mutalisk  
  87  11:09  Mutalisk  
  90  11:41  Zerg Flyer Weapons Level 2  
  90  11:50  Zerg Missile Weapons Level 3  
  90  12:06  Mutalisk  
  90  12:07  Mutalisk  
  94  12:15  Hatchery  
  94  12:19  Overseer, Extractor  
  92  12:39  Drone x3  
  95  12:42  Drone  
  96  13:48  Hatchery  
  96  13:49  Extractor  
  94  13:51  Extractor  
  94  13:54  Extractor  
  94  13:56  Drone x7  
  94  13:57  Drone x9  
  94  13:58  Drone x3  
  94  13:59  Drone  
  85  14:00  Drone x2  
  114  14:18  Mutalisk x4  
  114  14:19  Mutalisk x2  
  126  14:20  Overlord x4  
  126  14:26  Drone  
  126  14:27  Drone x2  
  126  14:28  Drone  
  130  14:46  Greater Spire  
  130  14:47  Mutalisk x6  
  142  15:33  Mutalisk x4  
  142  15:35  Overlord x3  
  150  15:41  Drone x2  
  150  15:43  Drone  
  150  15:44  Drone x2  
  150  15:46  Drone  
  150  15:47  Drone x6  
  162  16:27  Drone  
  162  16:28  Drone x4  
  162  16:29  Drone  
  100  16:30  Drone x19  
  168  16:31  Drone x2  
  185  16:57  Drone x3  
  185  16:58  Mutalisk x6  
  185  16:59  Overlord x3, Mutalisk x20  
  103  17:00  Mutalisk x2  
  183  17:01  Mutalisk, Corrosive Spray  
  183  17:03  Mutalisk  
  176  17:12  Mutalisk x2  
  176  17:16  Devourer x6  
  176  17:17  Devourer x20  
  176  17:18  Devourer x2  
  176  17:19  Devourer  
  171  17:21  Devourer  
  165  17:30  Devourer x2  
  165  17:49  Drone  
  160  17:52  Drone x2  
  160  17:53  Drone  
  160  17:54  Drone x4  
  160  17:55  Drone x8, Zerg Flyer Weapons Level 3  
  175  18:01  Drone x3  
  175  18:02  Drone x3  
  181  18:30  Drone x3  
  181  18:31  Drone  
  178  19:00  Spore Crawler x3  
  178  19:01  Spore Crawler x2  
  178  19:02  Drone  
  178  19:03  Spore Crawler x2, Drone x7  
  178  19:04  Spore Crawler, Drone x4  
  178  19:05  Spore Crawler  
  178  19:07  Spore Crawler  
  178  19:08  Spore Crawler  
  179  19:10  Spore Crawler x3  
  179  19:11  Spore Crawler  
  179  19:12  Spore Crawler  
  170  19:46  Spore Crawler  
  170  19:49  Spore Crawler  
  168  19:52  Spore Crawler  
  168  19:53  Spore Crawler  
  168  19:56  Spore Crawler  
  168  19:58  Drone x3  
  168  19:59  Drone x7  
  175  20:00  Drone x6  
  175  20:02  Spore Crawler  
  175  20:03  Spore Crawler x2  
  175  20:04  Spore Crawler  
  175  20:05  Spore Crawler x4  
  175  20:06  Spore Crawler  
  175  20:07  Spore Crawler  
  171  20:12  Spore Crawler x2  
  171  20:14  Spore Crawler  
  171  20:15  Spore Crawler x2  
  171  20:16  Spore Crawler  
  171  20:17  Spore Crawler  
  171  20:18  Drone x2  
  171  20:19  Drone x2  
  168  20:20  Spore Crawler  
  168  20:21  Spore Crawler  
  168  20:23  Spore Crawler  
  168  20:24  Spore Crawler  
  164  21:01  Mutalisk  
  164  21:02  Mutalisk x8  
  164  21:03  Mutalisk x6  
  194  21:11  Spore Crawler  
  194  21:12  Spore Crawler  
  194  21:16  Spore Crawler  
  194  21:17  Spore Crawler  
  190  21:21  Spore Crawler  
  190  21:24  Spore Crawler  
  188  21:30  Spore Crawler x3  
  188  21:31  Spore Crawler x2  
  188  21:32  Spore Crawler x2  
  188  21:33  Spore Crawler  
  180  21:49  Mutalisk  
  180  21:50  Mutalisk x14  
  180  21:57  Devourer  
  180  22:07  Devourer, Leviathan  
  180  22:08  Devourer x14  
  178  23:06  Spore Crawler  
  177  23:10  Spore Crawler x2  
  177  23:13  Spore Crawler x2  
  177  23:15  Spore Crawler  
  177  23:16  Spore Crawler  
  177  23:17  Spore Crawler  
  177  23:18  Spore Crawler  
  177  23:19  Spore Crawler  
  168  23:20  Spore Crawler x2  
  168  23:21  Spore Crawler  
  168  23:22  Spore Crawler x2  
Show
View Real Time Build Order
Export as new Build Order

raincamp Terran 

Build Orders:  

Get SALT Encoding   

Tags
 
Commander
AbathurRaynor
League
Bronze
Matchup
Co-op
Replay Pack
Co-op Speedrun
Add a new tag
Caveats
  • Supply blocks, unpowered buildings, or Contaminate may cause inaccurate times.
  • Supply counts are checked every 10 seconds.